 Dungeon Crawl Stone Soup version 0.29-a0-997-gf6f7e2dfe7 (webtiles) character file.

Game seed: 17524528709764720743

45 123456 the Digger (level 3, 0/19 HPs)
             Began as a Gargoyle Earth Elementalist on Aug 4, 2022.
             Slain by a goblin
             ... wielding a +0 club
             ... led by Robin
              (5 damage)
             ... on level 2 of the Dungeon.
             The game lasted 00:01:52 (1885 turns).

123456 the Digger (Gargoyle Earth Elementalist)     Turns: 1885, Time: 00:01:53

Health: 0/19       AC:  6    Str: 11    XL:     3   Next: 64%
Magic:  4/6        EV: 12    Int: 17    God:
Gold:   75         SH:  0    Dex: 10    Spells: 3/7 levels left

rFire   . . .      SeeInvis .   r - +3 short sword (vamp)
rCold   . . .      Faith    .   (no shield)
rNeg    + . .      Spirit   .   a - +0 robe
rPois   ∞          Reflect  .   (no helmet)
rElec   +          Harm     .   (no cloak)
rCorr   .          Rampage  .   (no gloves)
Will    .....                   n - +0 pair of boots
Stlth   ++........              (no amulet)
HPRegen 0.06/turn               (no ring)
MPRegen 0.10/turn               (no ring)

@: no status effects
A: sickness immunity, AC +3, negative energy resistance 1, electricity
resistance, torment resistance 1, petrification resistance
a: no special abilities


You were on level 2 of the Dungeon.
You visited 1 branch of the dungeon, and saw 2 of its levels.

You collected 75 gold pieces.

Inventory:

Hand Weapons
 r - a +3 vampiric short sword (weapon)
Armour
 a - a +0 robe (worn)
 n - a +0 pair of boots (worn)
Scrolls
 c - 2 scrolls of immolation {unknown}
 d - a scroll of amnesia {unknown}
 e - a scroll of summoning {unknown}
 f - a scroll of magic mapping {unknown}
 g - a scroll of identify {unknown}
 l - a scroll of noise {unknown}
 o - a scroll of teleportation {unknown}
 q - a scroll of silence {unknown}
Potions
 b - a potion of magic
 h - 3 potions of brilliance {unknown}
 i - 3 potions of heal wounds {unknown}
 j - 2 potions of flight {unknown}
 m - a potion of haste {unknown}
 p - a potion of curing {unknown}


   Skills:
 + Level 1.9 Dodging
 + Level 2.6 Stealth
 * Level 2.6 Spellcasting
 + Level 0.0 Conjurations
 - Level 0.7 Transmutations
 * Level 4.3 Earth Magic


You had 3 spell levels left.
You knew the following spells:

 Your Spells              Type           Power      Damage    Failure   Level
a - Sandblast             Erth           34%        2d9       3%          1
b - Stone Arrow           Conj/Erth      18%        3d8       22%         3

Your spell library contained the following spells:

 Spells                   Type           Power      Damage    Failure   Level
 Passwall                 Tmut/Erth      8%         N/A       10%         2
 Petrify                  Tmut/Erth      10%        N/A       54%         4


Dungeon Overview and Level Annotations

Branches:
Dungeon (2/15)

Altars:

Annotations:
D:2 Robin


Innate Abilities, Weirdness & Mutations

You are immune to sickness and miasma.
Your stone body is resilient. (AC +3)
You are immune to poison.
You resist negative energy. (rN+)
You are resistant to electric shocks. (rElec)
You are resistant to unholy torment.
You are immune to petrification.


Message History

Found a leather armour.
Things that are here:
a +0 dagger; a goblin corpse A goblin comes into view.
It is wielding a +0 club.
A goblin is nearby!
A goblin is nearby!
A hobgoblin and a goblin come into view.
The hobgoblin shouts!
The goblin shouts! x2; You hear a shout! x3
Robin of the Strong Arm comes into view.
They are wielding a +0 mace.
A hobgoblin comes into view.
The hobgoblin moves out of view.
You hear a shout!
A hobgoblin and a goblin come into view.
The goblin shouts!
You hear a shout!
A hobgoblin comes into view. 2 goblins come into view.
The goblin shouts!
The hobgoblin closely misses you.
A goblin comes into view. It is wielding a +0 club. x2
The blast of sand hits the hobgoblin!
You kill the hobgoblin!
Robin shouts!
The goblin hits you with a +0 club. The goblin hits you but does no damage.
The blast of sand hits the goblin!
You kill the goblin!
Robin throws the goblin at you! The goblin misses you.
The goblin barely misses you. The hobgoblin barely misses you.
Robin roars a battlecry!
The goblins go into a battle-frenzy!
A kobold comes into view. It is wielding a +0 club.
The hobgoblin hits you. The goblin hits you with a +0 dagger.
The hobgoblin barely misses you.
The kobold shouts!
The hobgoblin attacks as you move away! The hobgoblin closely misses you.
Robin says, "Kneel, worm!"
Robin throws the goblin at you! The goblin hits you but does no damage.
The goblin hits you with a +0 dagger.
* * * LOW HITPOINT WARNING * * *
The goblin hits you with a +0 club.
You die...

##..# .# #.......
#..# .# #.####.#
#..# .# #. #..# .#
# #. #..# .####.#
#. #..# g....K. #.
#..########†g.....
..
#.......ggggg.g..#
..
##.......@gg######
##########.# ...
.### ##


You could see Robin, 3 hobgoblins, 6 goblins and a kobold.

Vanquished Creatures
  4 endoplasms (D:2)
  2 giant cockroaches
  4 hobgoblins
  6 jackals (D:2)
  2 quokkas
  2 ball pythons (D:1)
  6 bats
  2 frilled lizards (D:1)
  5 goblins
  5 kobolds
  A rat (D:1)
39 creatures vanquished.

Vanquished Creatures (others)
  2 plants (D:2)
  3 withered plants (D:2)
5 creatures vanquished.

Grand Total: 44 creatures vanquished

Notes
Turn   | Place    | Note
-------+----------+-------------------------------------------
     0 | D:1      | 123456 the Gargoyle Earth Elementalist began the quest for
                  | the Orb.
     0 | D:1      | Reached XP level 1. HP: 10/10 MP: 3/3
   301 | D:1      | Reached XP level 2. HP: 6/15 MP: 0/5
   972 | D:2      | Reached skill level 4 in Earth Magic
  1359 | D:2      | Found a faded altar of an unknown god.
  1380 | D:2      | Reached XP level 3. HP: 19/19 MP: 4/6
  1664 | D:2      | Learned a level 3 spell: Stone Arrow
  1880 | D:2      | Noticed Robin
  1885 | D:2      | Slain by a goblin

Illustrated notes

Levels and vault maps discovered:
D:1:      lemuel_arrival_broad_hall, layout_loops_ring, minmay_tetromino_t2
D:2:      layout_loops_ring, shapermc_ecumenical_altar_flowoftime, uniq_robin

Skill      XL: |  1  2 |
---------------+-------+-----
Earth Magic    | 4 |  4.3
Dodging        | |  1.9
Stealth        | |  2.6
Spellcasting   | |  2.6
Transmutations | |  0.7

Action                   || total
-------------------------++-------
Melee: Unarmed           ||    12
       Whip              ||    41
       Short sword       ||     2
       Punch             ||     1
 Cast: Sandblast         ||    41
 Stab: Sleeping          ||     1
Armor: Robe              ||    28
Dodge: Dodged            ||    60

Table legend: (Time is in decaauts)
 A = Elapsed time spent in this place.
 B = Non-inter-level travel time spent in this place.
 C = Inter-level travel time spent in this place.
 D = Time resting spent in this place.
 E = Time spent auto-exploring this place.
 F = Levels seen in this place.
 G = Mean time per level.
                   A        B        C        D        E       F      G
               +--------+--------+--------+--------+--------+-----+--------+
         Total |   1929 |   1895 |     34 |      0 |   1597 |   2 |  964.5 |
       Dungeon |   1929 |   1895 |     34 |      0 |   1597 |   2 |  964.5 |
               +--------+--------+--------+--------+--------+-----+--------+

Top non-repeatable levels by time:
     D:1: 964 daAuts
     D:2: 964 daAuts
